 Dungeon Crawl Stone Soup version 0.26.1-11-gd32895ea62 (webtiles) character file.

Game seed: 3687618518452594811

26903 Amplified the Fighter (level 13, -2/106 HPs)
             Began as a Demonspawn Ice Elementalist on July 22, 2021.
             Was a High Priest of Makhleb.
             Slain by a gargoyle
             ... wielding a +0 mace of holy wrath
              (9 damage)
             ... in a volcano.
             The game lasted 00:23:12 (17053 turns).

Amplified the Fighter (DsIE)                       Turns: 17053, Time: 00:23:12

Health: -2/106     AC: 19    Str: 11    XL:     13   Next: 1%
Magic:  20/23      EV: 16    Int: 19    God:    Makhleb [*****.]
Gold:   816        SH:  0    Dex: 14    Spells: 17/25 levels left

rFire    . . .     SeeInvis .   j - +7 hand axe (pain)
rCold    . . .     Faith    +   (no shield)
rNeg     . . .     Spirit   .   F - +2 robe {Will+}
rPois    +         Reflect  .   (helmet restricted)
rElec    +         Harm     .   a - +0 cloak
rCorr    .         Rampage  .   w - +0 pair of gloves
Will     +....                  (boots unavailable)
Stlth    +.........             H - amulet of Saeroi {Faith rElec rPois}
HPRegen  0.27/turn              c - +4 ring of evasion
MPRegen  0.18/turn              K - +4 ring of protection

@: mighty, icy armour
A: hooves 3, horns 1, sense surroundings 1, powered by death 1, sharp scales 2
a: Renounce Religion, Minor Destruction, Lesser Servant of Makhleb, Major
Destruction, Greater Servant of Makhleb


You were in a volcano.
You worshipped Makhleb.
Makhleb was extremely pleased with you.
You visited 3 branches of the dungeon, and saw 18 of its levels.
You also visited: Volcano.

You collected 900 gold pieces.
You spent 84 gold pieces at shops.

Inventory:

Hand Weapons
 j - a +7 hand axe of pain (weapon)
 r - a +2 trident of flaming
Missiles
 e - 108 poisoned darts
 y - 2 curare-tipped darts
Armour
 a - a +0 cloak (worn)
 f - a +1 robe of cold resistance
 w - a +0 pair of gloves (worn)
 F - a +2 robe of willpower (worn)
Jewellery
 c - a +4 ring of evasion (left hand)
 d - an uncursed ring of ice
 v - an uncursed ring of see invisible
 E - an uncursed ring of ice
 H - the amulet of Saeroi (around neck) {Faith rElec rPois}
   (You acquired it on level 11 of the Dungeon)

   [amulet of faith]

   It allows you to gain divine favour quickly.
   It insulates you from electricity.
   It protects you from poison.
 K - a +4 ring of protection (right hand)
Wands
 h - a wand of random effects (1)
 p - a wand of polymorph (5)
 A - a wand of flame (45)
 C - a wand of paralysis (8)
 M - a wand of iceblast (4)
Scrolls
 g - 11 scrolls of remove curse
 i - 2 scrolls of identify
 m - 4 scrolls of teleportation
 q - 3 scrolls of enchant armour
 x - a scroll of fog
 z - 3 scrolls of amnesia
 I - a scroll of enchant weapon
 L - a scroll of blinking
Potions
 b - 2 potions of flight
 k - a potion of attraction
 n - 2 potions of haste
 o - 2 potions of mutation
 s - 3 potions of brilliance
 t - 2 potions of curing
 u - a potion of lignification {unknown}
 B - a potion of cancellation
 G - a potion of invisibility
 J - 2 potions of might
Miscellaneous
 D - a box of beasts


   Skills:
 + Level 11.2 Fighting
 * Level 11.1 Axes
 - Level 0.7 Armour
 - Level 2.0 Dodging
 - Level 1.7 Stealth
 - Level 6.8 Spellcasting
 * Level 11.0 Necromancy
 - Level 7.1 Ice Magic
 + Level 5.7 Invocations


You had 17 spell levels left.
You knew the following spells:

 Your Spells              Type           Power        Failure   Level
a - Apportation           Tloc           12%          11%         1
b - Frozen Ramparts       Ice            66%          1%          3
c - Ozocubu's Armour      Ice            33%          1%          3
d - Animate Skeleton      Necr           96%          1%          1

Your spell library contained the following spells:

 Spells                   Type           Power        Failure   Level
 Freeze                   Ice            100%         1%          1
 Corona                   Hex            6%           11%         1
 Foxfire                  Conj/Fire      24%          11%         1
 Magic Dart               Conj           24%          11%         1
 Shock                    Conj/Air       24%          11%         1
 Summon Small Mammal      Summ           24%          11%         1
 Blink                    Tloc           N/A          16%         2
 Call Imp                 Summ           6%           16%         2
 Slow                     Hex            6%           16%         2
 Swiftness                Air            6%           16%         2
 Hailstorm                Conj/Ice       20%          24%         4
 Summon Ice Beast         Ice/Summ       20%          24%         4
 Conjure Flame            Conj/Fire      6%           30%         3
 Inner Flame              Hex/Fire       6%           30%         3
 Mephitic Cloud           Conj/Pois/Air  6%           30%         3
 Static Discharge         Conj/Air       6%           30%         3
 Airstrike                Air            3%           71%         4
 Sticky Flame             Conj/Fire      6%           71%         4
 Fireball                 Conj/Fire      3%           96%         5
 Lightning Bolt           Conj/Air       3%           96%         5


Dungeon Overview and Level Annotations

Branches:
Dungeon (11/15)            Temple (1/1) D:4            Lair (6/6) D:8
  Swamp (0/4) Lair:4        Snake (0/4) Lair:2        Slime (0/5) Lair:6
    Orc (0/2) D:11        Volcano (1/1)

Altars:
Ashenzari
Cheibriados
Dithmenos
Elyvilon
Fedhas
Gozag
Hepliaklqana
Kikubaaqudgha
Makhleb
Nemelex Xobeh
Okawaru
Qazlal
Ru
Sif Muna
Trog
Uskayaw
Vehumet
Wu Jian
Xom
Yredelemnul
Zin
The Shining One

Shops:
D:4 *   D:6 !

Portals:
Trove: D:10 (give +6 demon trident)

Annotations:
D:4
Temple and endgame
Lair:1 1 runed translucent door, exclusion: oklob plant, tamionv's ghost, journeyman VSFi


Innate Abilities, Weirdness & Mutations

You have hooves in place of feet.
You regenerate a little health from kills.
You are mostly covered in razor-sharp scales. (AC +2, Slay +2)
You have a pair of small horns on your head.
You passively map a small area around you.


Message History

You convulse!
* * * LOW HITPOINT WARNING * * *
Casting: Ozocubu's Armour (safe; 1% risk of failure)
Confirm with . or Enter, or press ? or * to list all spells.
Okay, then.
Okay, then.
Unknown command.
You feel better.
You feel better.
The gargoyle hurls a stone arrow at you.
The stone arrow misses you.
Unknown command.
Okay, then.
Okay, then.
Okay, then.
A demon appears!
The gargoyle hits you with a +0 mace of holy wrath!
* * * LOW HITPOINT WARNING * * *
You convulse!
You die...

≈ ≈ ≈ ≈≈ ≈≈ ≈ ≈
≈ ≈ ≈ ≈ ≈ ≈ ≈ ≈
≈ ≈ ≈ , , , *
############ ≈
≈ ≈
+.....@9...# ,
#.8_8.#..∩.#, ,
#..)..#3...# ≈
≈ ≈ *
###)###++###§≈≈
≈≈ , ,, #.#
#.§≈§≈≈≈≈≈§≈ *
* #.#
*#.§§§§§≈§≈§§ *
#.# ,
#.§§≈≈§≈≈§§§ ,
#.# ,
#.§§≈≈≈§§≈≈≈ *
* #.#,* ,
#.≈§§≈≈§§§§≈


You could see a gargoyle and a friendly smoke demon (summoned).

Vanquished Creatures
  Fannar (Lair:2)
  Harold (D:8)
  2 boulder beetles (D:11)
  3 hydras
  2 two-headed ogres
  An ugly thing (D:11)
  5 elephants (Lair:2)
  Maurice (D:8)
  2 gargoyles (Volcano)
  9 cane toads
  Psyche (D:10)
  A rime drake (Lair:2)
  5 komodo dragons
  An efreet (Volcano)
  2 trolls
  8 blink frogs
  A hornet (D:10)
  Prince Ribbit (D:5)
  Grinder (D:4)
  Sigmund (D:3)
  Eustachio (D:4)
  2 wyverns
  A fire elemental (Volcano)
  8 yaks (Lair:2)
  5 fire bats (Lair:4)
  5 basilisks
  3 steam dragons
  Menkaure (D:4)
  9 water moccasins
  Duvessa (D:4)
  3 ice beasts
  5 sky beasts
  2 orc warriors
  An eye of draining (D:11)
  A necrophage (D:9)
  2 phantoms
  4 ogres
  6 wolves (Lair:2)
  A centaur (D:4)
  A big kobold (D:10)
  Blork the orc (D:4)
  12 bullfrogs
  Dowan (D:4)
  A scorpion (D:11)
  6 killer bees (D:10)
  5 wights (D:8)
  4 electric eels
  A bullfrog zombie (D:5)
  3 jellies
  Crazy Yiuf (D:2)
  6 hounds
  2 quasits
  3 centaur zombies
  13 orc priests
  Ijyb (D:4)
  Terence (D:2)
  Natasha (D:3)
  5 iguanas
  10 orc wizards
  7 worker ants
  A worker ant zombie (D:9)
  14 adders
  4 gnolls (D:8)
  A shadow imp (D:10)
  3 white imps
  2 ufetubi
  An adder skeleton (D:8)
  4 dart slugs
  3 worms
  4 leopard geckos
  26 orcs
  14 bats
  3 giant cockroaches
  10 goblins
  5 hobgoblins
  10 jackals
  A quokka (D:5)
  A ball python (D:3)
  5 frilled lizards
  12 kobolds
  A leopard gecko skeleton (D:4)
  A quokka skeleton (D:8)
  7 rats
328 creatures vanquished.

Vanquished Creatures (others)
  An orc (D:11)
  A jackal (D:7)
  19 fungi
  14 plants
35 creatures vanquished.

Grand Total: 363 creatures vanquished

Notes
Turn   | Place    | Note
-------+----------+-------------------------------------------
     0 | D:1      | Amplified the Demonspawn Ice Elementalist began the quest
                  | for the Orb.
     0 | D:1      | Reached XP level 1. HP: 13/13 MP: 3/3
   204 | D:1      | Gained mutation: You have large cloven feet. [demonic
                  | ancestry]
   204 | D:1      | Reached XP level 2. HP: 20/20 MP: 0/5
   807 | D:1      | Reached skill level 1 in Fighting
  1585 | D:2      | Reached XP level 3. HP: 26/26 MP: 4/6
  1619 | D:2      | Noticed Terence
  1628 | D:2      | Gained mutation: You have a pair of small horns on your
                  | head. [potion of mutation]
  1628 | D:2      | Gained mutation: You passively map a small area around you.
                  | [potion of mutation]
  1642 | D:2      | Killed Terence
  1643 | D:2      | Reached skill level 1 in Axes
  1791 | D:2      | Found a sparkling altar of Nemelex Xobeh.
  1862 | D:2      | Gained mutation: You regenerate a little health from kills.
                  | [demonic ancestry]
  1862 | D:2      | Reached XP level 4. HP: 33/33 MP: 8/8
  2111 | D:2      | Found a runed translucent door.
  2112 | D:2      | Noticed Crazy Yiuf
  2734 | D:3      | Found a hide-covered altar of Uskayaw.
  2745 | D:3      | Reached XP level 5. HP: 25/39 MP: 9/9
  3036 | D:2      | Learned a level 3 spell: Frozen Ramparts
  3505 | D:3      | Noticed Natasha
  3521 | D:3      | Killed Natasha
  3735 | D:3      | Gained mutation: You are partially covered in razor-sharp
                  | scales. (AC +1, Slay +1) [demonic ancestry]
  3735 | D:3      | Reached XP level 6. HP: 39/47 MP: 11/11
  3804 | D:3      | Noticed Sigmund
  3836 | D:4      | Noticed Blork the orc
  3845 | D:4      | Learned a level 3 spell: Ozocubu's Armour
  3853 | D:4      | Killed Blork the orc
  4029 | D:4      | Noticed Menkaure
  4040 | D:4      | Killed Menkaure
  4045 | D:4      | Reached XP level 7. HP: 4/53 MP: 3/13
  4542 | D:4      | Found a staircase to the Ecumenical Temple.
  4717 | D:4      | Found Geogusche's Assorted Antiques.
  4727 | D:4      | Found a bloodstained altar of Trog.
  4874 | D:4      | Found a blossoming altar of Fedhas.
  4889 | D:4      | Noticed Ijyb
  4890 | D:4      | Noticed Eustachio
  4923 | D:4      | Killed Eustachio
  4927 | D:4      | Killed Ijyb
  4956 | D:4      | Reached skill level 5 in Spellcasting
  5097 | D:4      | Found a stormy altar of Qazlal.
  5152 | Temple   | Entered the Ecumenical Temple
  5201 | Temple   | Became a worshipper of Makhleb the Destroyer
  5273 | D:4      | Noticed Duvessa
  5277 | D:4      | Noticed Dowan
  5291 | D:4      | Killed Duvessa
  5292 | D:4      | Reached skill level 5 in Fighting
  5292 | D:4      | Gained mutation: You have hoof-like feet. [demonic
                  | ancestry]
  5292 | D:4      | Reached XP level 8. HP: 45/62 MP: 15/15
  5292 | D:4      | Noticed Grinder
  5294 | D:4      | Killed Dowan
  5304 | D:4      | Paralysed by Grinder for 2 turns
  5316 | D:4      | Paralysed by Grinder for 4 turns
  5320 | D:4      | Killed Grinder
  5564 | D:3      | Killed Sigmund
  5565 | D:3      | Reached skill level 5 in Axes
  5801 | D:2      | Killed Crazy Yiuf
  5910 | D:5      | Entered Level 5 of the Dungeon
  6183 | D:5      | Noticed Prince Ribbit
  6203 | D:5      | Killed Prince Ribbit
  6204 | D:5      | Reached XP level 9. HP: 55/71 MP: 18/18
  6253 | D:5      | Reached * piety under Makhleb
  7097 | D:6      | Found a shadowy altar of Dithmenos.
  7146 | D:6      | Found a radiant altar of Vehumet.
  7213 | D:6      | Learned a level 1 spell: Animate Skeleton
  7440 | D:6      | Reached skill level 1 in Necromancy
  7442 | D:6      | Got a brightly glowing battleaxe
  7471 | D:6      | Found Pogreugro's Distillery.
  7474 | D:6      | Bought a potion of brilliance for 48 gold pieces
  7474 | D:6      | Bought a potion of curing for 36 gold pieces
  8195 | D:7      | Identified the +7 battleaxe of Icium {holy, rF+ rC+ Will+}
                  | (You found it on level 6 of the Dungeon)
  8765 | D:8      | Learned a level 1 spell: Apportation
  8784 | D:8      | Found a staircase to the Lair.
  8860 | D:8      | Noticed a two-headed ogre
  8878 | D:8      | Killed a two-headed ogre
  9063 | D:8      | Reached XP level 10. HP: 80/80 MP: 20/20
  9153 | D:8      | Reached ** piety under Makhleb
  9165 | D:8      | Found an iron altar of Okawaru.
  9342 | D:8      | Noticed Maurice
  9389 | D:8      | Killed Maurice
  9390 | D:8      | Reached skill level 5 in Necromancy
  9440 | D:8      | Noticed Harold
  9459 | D:8      | Killed Harold
 10939 | D:10     | Entered Level 10 of the Dungeon
 11013 | D:10     | Reached *** piety under Makhleb
 11270 | D:10     | Noticed Psyche
 11332 | D:10     | Found a portal to a secret trove of treasure.
 11429 | D:10     | Killed Psyche
 11583 | D:10     | Paralysed by a hornet for 3 turns
 11590 | D:10     | Gained mutation: You are mostly covered in razor-sharp
                  | scales. (AC +2, Slay +2) [demonic ancestry]
 11590 | D:10     | Reached XP level 11. HP: 49/90 MP: 21/21
 11918 | D:11     | Reached skill level 10 in Fighting
 12036 | D:11     | Noticed a boulder beetle
 12047 | D:11     | Noticed a boulder beetle
 12049 | D:11     | Killed a boulder beetle
 12155 | D:11     | Killed a boulder beetle
 12207 | D:11     | Found a staircase to the Orcish Mines.
 12232 | D:11     | Noticed a two-headed ogre
 12242 | D:11     | Killed a two-headed ogre
 12394 | D:11     | Noticed a green ugly thing
 12410 | D:11     | Reached **** piety under Makhleb
 12706 | D:11     | Identified a scroll of acquirement
 12708 | D:11     | Acquired the amulet of Saeroi {Faith rElec rPois}
 12751 | D:11     | Killed a green ugly thing
 13173 | Lair:1   | Entered Level 1 of the Lair of Beasts
 13204 | Lair:1   | Reached skill level 1 in Invocations
 13605 | Lair:1   | Noticed an oklob plant
 13998 | Lair:1   | Found a runed translucent door.
 14230 | Lair:1   | Noticed tamionv's ghost (journeyman VSFi)
 14324 | Lair:1   | Reached skill level 10 in Axes
 14677 | Lair:2   | Reached skill level 5 in Ice Magic
 14679 | Lair:2   | Gained mutation: You have hooves in place of feet. [demonic
                  | ancestry]
 14679 | Lair:2   | Reached XP level 12. HP: 95/99 MP: 22/22
 14806 | Lair:2   | Found a staircase to the Snake Pit.
 14912 | Lair:2   | Noticed an eight-headed hydra
 14928 | Lair:2   | Killed an eight-headed hydra
 14929 | Lair:2   | Reached skill level 10 in Necromancy
 14933 | Lair:2   | Reached ***** piety under Makhleb
 15372 | Lair:2   | Noticed Fannar
 15405 | Lair:2   | Killed Fannar
 15581 | Lair:2   | Noticed a four-headed hydra
 15592 | Lair:2   | Killed a four-headed hydra
 15867 | Lair:3   | Reached skill level 5 in Invocations
 15976 | Lair:3   | Noticed a seven-headed hydra
 15990 | Lair:3   | Killed a seven-headed hydra
 16711 | Lair:4   | You fall into a shaft and drop 2 floors!
 16711 | Lair:6   | Entered Level 6 of the Lair of Beasts
 16882 | Lair:4   | Found a staircase to the Swamp.
 16928 | Lair:4   | Found a dark tunnel.
 16937 | Volcano  | Entered a volcano
 16980 | Volcano  | Found a radiant altar of Vehumet.
 16995 | Volcano  | Reached XP level 13. HP: 91/106 MP: 17/23
 17053 | Volcano  | Slain by a gargoyle

Illustrated notes

Levels and vault maps discovered:
D:1:      ncdulo_wetmaze, layout_basic
D:2:      layout_basic, marbit_many_paths, item_on_display_a, uniq_terence,
          uniq_crazy_yiuf_cottage
D:3:      layout_rooms, eat_drink_and_be_merry_uskayaw, uniq_natasha,
          uniq_sigmund
D:4:      layout_gridville, grunt_temple_overflow_forces_of_nature,
          lightli_temple_of_fire, minmay_temple_entry_statues_fountains,
          serial_shops, shop_fountains, serial_glass, glass_columns_a,
          glass_columns_a, uniq_menkaure, uniq_grinder, uniq_blork_the_orc,
          uniq_ijyb, uniq_duvessa, uniq_eustachio
D:5:      layout_cave_pools, kennysheep_generic_room_16, uniq_prince_ribbit1
D:6:      layout_loops_cross, lemuel_round_altar, general_overflow_altar,
          serial_shops, kennysheep_mini_moat
D:7:      layout_basic, kennysheep_big_empty_room
D:8:      layout_basic, dpeg_oklobed_lair, kennysheep_okawaru_gauntlet,
          uniq_harold, uniq_maurice
D:9:      layout_loops_cross
D:10:     layout_long_grid, nicolae_trove_entry_diagonal,
          minmay_misc_feat_columns, uniq_psyche
D:11:     layout_basic, orc_0_dummy
Temple:   eino_wide_crystal_templ
Lair:1:   layout_cave_pods, ebering_ghost_reflecting_pool,
          minmay_lair_oklob_bushes
Lair:2:   layout_regular_city, dummy_snake_entry, uniq_fannar
Lair:3:   layout_cave_pods
Lair:4:   layout_gridlike, minmay_swamp_entry_reptiles,
          nicolae_volcano_entry_batcave
Lair:5:   layout_regular_city, serial_forest, infiniplex_forest_clump_long,
          infiniplex_forest_end_3, infiniplex_forest_lined_corner,
          infiniplex_forest_lined_room_2, infiniplex_forest_clump_cross,
          infiniplex_forest_corner_1
Lair:6:   due_jungle_book, layout_regular_city, slime_altar_2,
          kennysheep_basilisk_garden, serial_bayou_shore_a
Volcano:  volcano_lake [vl_original]

Skill      XL: |  1  2  3  4  5  6  7  8  9 10 11 12 |
---------------+-------------------------------------+-----
Dodging        | 2 |  2.0
Fighting       | 1 2 3 5 6 8 9 10 11 | 11.2
Axes           | 1 2 3 4 5 7 8 10 11 | 11.1
Spellcasting   | 3 4 5 6 |  6.8
Necromancy     | 4 7 9 11 | 11.0
Ice Magic      | 5 7 |  7.1
Invocations    | 3 5 |  5.7
Armour         | |  0.7
Stealth        | |  1.7

Action                   |  1- 3 |  4- 6 |  7- 9 | 10-12 | 13-15 || total
-------------------------+-------+-------+-------+-------+-------++-------
Melee: Club              |     3 |       |       |       |       ||     3
       Hand axe          |    50 |   134 |   216 |   489 |     4 ||   893
       Kick              |    10 |    27 |    36 |   103 |     2 ||   178
       Headbutt          |     1 |    14 |    23 |    64 |     2 ||   104
       Trident           |       |       |       |    14 |       ||    14
 Cast: Freeze            |    18 |       |       |       |       ||    18
       Frozen Ramparts   |       |     4 |    22 |    33 |       ||    59
       Ozocubu's Armour  |       |     1 |    13 |    25 |     1 ||    40
Invok: Lesser Servant of |       |       |       |       |     1 ||     1
Evoke: Wand              |       |       |    11 |    17 |       ||    28
  Use: Scroll            |     5 |     9 |     6 |    15 |       ||    35
       Potion            |     4 |     2 |     4 |     5 |     2 ||    17
 Stab: Sleeping          |     1 |     2 |     1 |     2 |       ||     6
       Paralysed         |       |       |     1 |    16 |       ||    17
       Distracted        |       |       |       |     1 |       ||     1
Armor: Robe              |    13 |    15 |    46 |   130 |     1 ||   205
Dodge: Dodged            |    81 |   119 |   159 |   379 |     1 ||   739
